 Dungeon Crawl Stone Soup version 0.31-a0-1-g4198be8af4 (webtiles) character file.

Game seed: 9614999376786960825

27948 ytrimaz the Spry (level 13, -24/96 HPs)
             Began as a Djinni Air Elementalist on May 2, 2023.
             Was an Initiate of Ashenzari.
             Annihilated by a hellephant (42 damage)
             ... on level 3 of the Abyss.
             The game lasted 00:25:13 (13145 turns).

ytrimaz the Spry (Djinni Air Elementalist)         Turns: 13145, Time: 00:25:14

Health: -24/96     AC:  7    Str:  7    XL:     13   Next: 69%
Gold:   2367       EV: 24    Int: 29    God:    Ashenzari [......] SH:  5 Dex: 15

rFire   + + +        A - +7 rapier of Freehold {chaos, Drain rF++ Int+5}
rCold   x . .        (no shield)
rNeg    . . .        F - +0 troll leather armour
rPois   ∞            (no helmet)
rElec   .            B - +1 cloak
rCorr   +            e - +2 pair of gloves of Ashenzari's Moon {Harm rCorr Int+3, Melee, Range} (curse)
SInv    .            (boots unavailable)
Will    ++...        s - amulet of reflection
Stlth   ++           i - +5 ring of evasion
HPRegen 1.16/turn    h - ring of willpower
MPRegen 0.00/turn

%: harm (+30% outgoing, +20% incoming), reflection, infuse magic (-25 HP)
@: flying, very slightly contaminated
A: sickness immunity, fire resistance 2, cold vulnerability 1, float, innate
caster, HP casting, extra vitality 1, [deformed body]
a: Renounce Religion, Shatter the Chains


You were on level 3 of the Abyss.
You worshipped Ashenzari.
Ashenzari was noncommittal.
You visited 2 branches of the dungeon, and saw 14 of its levels.
You visited the Abyss 2 times.
You also visited: Bailey.

You collected 2367 gold pieces.


Innate Abilities, Weirdness & Mutations

You are immune to sickness and miasma.
You are immune to poison.
Your flesh is very heat resistant. (rF++)
You are vulnerable to cold. (rC-)
You float through the air rather than walking.
You learn spells naturally, not from books.
Your magical power is your life essence.
You have superior vitality. (+4 MHP)
[Armour fits poorly on your strangely shaped body.]


   Skills:
 + Level 10.0 Fighting
 + Level 15.5 Dodging
 - Level 1.5 Stealth
 + Level 11.3 Spellcasting


You knew the following spells:

 Your Spells              Type           Power      Damage    Failure   Level
a - Arcjolt               Conj/Air       35%        1d45      1%          5
b - Vampiric Draining     Necr           70%        2d11      1%          3
c - Swiftness             Air            70%        N/A       1%          3
d - Airstrike             Air            35%        2d(5-21)  1%          4
e - Poisonous Vapours     Pois/Air       100%       N/A       1%          2
f - Shock                 Conj/Air       100%       1d9       1%          1
g - Iskenderun's Mystic   Conj/Tloc      70%        2d14      1%          4
h - Static Discharge      Conj/Air       100%       2-7/arc   1%          2
i - Momentum Strike       Conj/Tloc      100%       3d10      1%          2
p - Summon Small Mammal   Summ           100%       N/A       1%          1
Your spell library was empty.

Inventory:

Hand Weapons
 f - a +2 rapier of protection
   (You took it off Eustachio on level 4 of the Dungeon)
 A - the +7 rapier of Freehold (weapon) {chaos, Drain rF++ Int+5}
   (You found it on level 3 of the Dungeon)

   Int:       It affects your intelligence (+5).
   rF:        It greatly protects you from fire.
   Drain:     It drains your maximum health when unequipped.
 H - the +9 trident of the Forest {freeze, rElec rF+ rC- Will+}
   (You found it in a bailey)

   rF:        It protects you from fire.
   rC:        It makes you vulnerable to cold.
   rElec:     It insulates you from electricity.
   Will:      It increases your willpower.
 L - the +8 whip "Snakebite" {venom, curare, rPois}
   (You found it on level 11 of the Dungeon)

   rPois:     It protects you from poison.
Missiles
 Q - 2 throwing nets
Armour
 a - a +0 robe
 e - the cursed +2 pair of gloves of Ashenzari's Moon (worn) {Harm rCorr Int+3, Melee, Range}
   (You acquired it on level 3 of the Dungeon)

   Int:       It affects your intelligence (+3).
   rCorr:     It protects you from acid and corrosion.
   Harm:      It increases damage dealt and taken.
   It has a curse which improves the following skills: Melee Combat: Short
   Blades, Long Blades, Axes, Maces & Flails, Polearms, Staves and Unarmed
   Combat.
   Ranged Combat: Ranged Weapons and Throwing.
 B - a +1 cloak (worn)
   (You took it off Crazy Yiuf on level 7 of the Dungeon)
 F - a +0 troll leather armour (worn)
   (You found it on level 9 of the Dungeon)
 M - the +3 hat of Pondering {ponderous, Will+ MP+10 Int+5}
   (You found it on level 11 of the Dungeon)

   Int:       It affects your intelligence (+5).
   MP:        It affects your magic capacity (+10).
   Will:      It increases your willpower.
Jewellery
 b - a ring of protection from fire
   (You found it on level 1 of the Dungeon)
 h - a ring of willpower (right hand)
   (You took it off a goblin on level 2 of the Dungeon)
 i - a +5 ring of evasion (left hand)
   (You found it on level 4 of the Dungeon)
 s - an amulet of reflection (around neck)
   (You found it on level 4 of the Dungeon)
 w - a ring of resist corrosion
   (You found it on level 5 of the Dungeon)
 O - a ring of positive energy
   (You found it on level 11 of the Dungeon)
 P - the ring "Umuh" {Ice rElec rCorr Str-5 Dex-3}
   (You found it on level 12 of the Dungeon)

   [ring of ice]

   It enhances your ice magic.
   Str:       It affects your strength (-5).
   Dex:       It affects your dexterity (-3).
   rF:        It makes you vulnerable to fire.
   rC:        It protects you from cold.
   rElec:     It insulates you from electricity.
   rCorr:     It protects you from acid and corrosion.
Wands
 d - a wand of iceblast (22)
   (You took it off Pikel on level 5 of the Dungeon)
 v - a wand of polymorph (19)
   (You took it off Ijyb on level 5 of the Dungeon)
 y - a wand of paralysis (21)
   (You found it on level 8 of the Dungeon)
 C - a wand of mindburst (7)
   (You found it on level 8 of the Dungeon)
Scrolls
 l - 2 scrolls of silence
 r - 2 scrolls of noise
 u - 3 scrolls of teleportation
 D - 2 scrolls of enchant armour
 E - a scroll of magic mapping
 G - a scroll of identify
 K - a scroll of fog
Potions
 c - 5 potions of might
 g - 3 potions of lignification
 j - 5 potions of heal wounds
 k - 3 potions of mutation
 m - 3 potions of cancellation
 n - 4 potions of flight
 o - 7 potions of curing
 p - 5 potions of brilliance
 q - 2 potions of invisibility
 t - 3 potions of haste
 x - a potion of ambrosia
 z - 2 potions of degeneration {unknown}
 J - 2 potions of attraction {unknown}
 N - a potion of magic {unknown}

Dungeon Overview and Level Annotations

Branches:
Dungeon (13/15) Zot: 26887    Lair (0/5) D:11            Orc (1/2) D:11 Zot: 5932
 Bailey (visited)
 Temple: D:4-7       Vaults: D:13-14

Altars:
Ashenzari
Cheibriados
Elyvilon
Fedhas
Gozag
Nemelex Xobeh
Okawaru
Qazlal
Trog
The Shining One

Portals:
Ice
Cave: Orc:1

Annotations:
D:9 3 runed translucent doors, TheSexyCheese's ghost, journeyman DsFE
D:12 2 transporters, Sleet's ghost, journeyman MiBe

.# . .
#. # >
# ...
. . ##
. #. #
. .# .
. . .#
. #
##...#
. .
##.# .
#X## #
#@# ##
. #Y##
##..
## .
.. ..#
.#. .
. φ
##.#


You could see a hellephant and a tentacled starspawn.


Message History

Electricity surges outward!
The hellephant is struck by an electric surge! 😮 HP[-4]
You take 4 damage, and now have 56/96 hp.
Unknown command.
Casting: Arcjolt (dangerous; 1% risk of failure)
Confirm with . or Enter, or press ? or * to list all spells.
Electricity surges outward!
The hellephant is struck by an electric surge!!
The hellephant tramples you!!
* * * LOW HITPOINT WARNING * * *
You hold your ground!
The hellephant barely misses you. The hellephant gores you.
* * * LOW HITPOINT WARNING * * *
Unknown command. 😨 HP[-31]
You take 31 damage, and now have 25/96 hp.
MASSIVE DAMAGE!! (PAUSE)
Casting: Arcjolt (dangerous; 1% risk of failure)
Confirm with . or Enter, or press ? or * to list all spells.
Okay, then.
Casting: Arcjolt (dangerous; 1% risk of failure)
Confirm with . or Enter, or press ? or * to list all spells.
You can't see any susceptible monsters within range! (Use Z to cast anyway.) Unknown command.
You feel much better.
A small abomination comes into view.
The hellephant blinks! 😨 HP[+21]
You regained 21 hp, and now have 46/96 hp.
Unknown command.
The wretched star pulses with an eldritch light!
Your body twists and deforms.
A tentacled starspawn comes into view. 😨 HP[+1] Unknown command.
Casting: Arcjolt (dangerous; 1% risk of failure)
Confirm with . or Enter, or press ? or * to list all spells.
Okay, then.
Casting: Arcjolt (dangerous; 1% risk of failure)
Confirm with . or Enter, or press ? or * to list all spells.
Electricity surges outward!
The wretched star resists.
The wretched star is struck by an electric surge!
* * * LOW HITPOINT WARNING * * *
The wretched star glows turbulently.
The lance of force misses you. 😨 HP[-3]
You take 3 damage, and now have 44/96 hp.
Unknown command.
Casting: Arcjolt (dangerous; 1% risk of failure)
Confirm with . or Enter, or press ? or * to list all spells.
Electricity surges outward!
The wretched star resists.
The wretched star is struck by an electric surge!
* * * LOW HITPOINT WARNING * * *
😨 HP[-4]
You take 4 damage, and now have 40/96 hp.
Unknown command.
Casting: Arcjolt (dangerous; 1% risk of failure)
Confirm with . or Enter, or press ? or * to list all spells.
You miscast Arcjolt.
You are very lightly contaminated with residual magic.
You are caught in an explosion of electrical discharges.
* * * LOW HITPOINT WARNING * * *
x2 The tentacled starspawn barely misses you.
The tentacled starspawn completely misses you. 😨 HP[-10]
You take 10 damage, and now have 30/96 hp.
Casting: Arcjolt (dangerous; 1% risk of failure)
Confirm with . or Enter, or press ? or * to list all spells.
Electricity surges outward!
The wretched star resists.
The wretched star is struck by an electric surge!
You destroy the wretched star!
The tentacled starspawn is struck by an electric surge!!
The small abomination is struck by an electric surge!!
You destroy the small abomination!
* * * LOW HITPOINT WARNING * * *
The tentacled starspawn closely misses you. x2
Your Fighting skill increases to level 10! 😨 HP[-4]
You take 4 damage, and now have 26/96 hp.
Unknown command.
Okay, then.
Casting: Arcjolt (dangerous; 1% risk of failure)
Confirm with . or Enter, or press ? or * to list all spells.
Electricity surges outward!
The tentacled starspawn is struck by an electric surge!!
* * * LOW HITPOINT WARNING * * *
The tentacled starspawn completely misses you.
The tentacled starspawn tentacle-slaps you but does no damage.
Unknown command. 😱 HP[-4]
You take 4 damage, and now have 22/96 hp.
Casting: Arcjolt (dangerous; 1% risk of failure)
Confirm with . or Enter, or press ? or * to list all spells.
Electricity surges outward!
The hellephant is struck by an electric surge!!!
The tentacled starspawn is struck by an electric surge!
* * * LOW HITPOINT WARNING * * *
The hellephant tramples you!!
You die...

Skill      XL: |  1  2  3  4  5  6  7  8  9 10 11 12 13 |
---------------+----------------------------------------+-----
Dodging        | 3 4 5 6 8 10 12 13 14 15 | 15.5
Spellcasting   | 3 4 5 6 7 8 9 10 11 | 11.3
Fighting       | 2 6 8 10 | 10.0
Stealth        | |  1.5

Action                     |  1- 3 |  4- 6 |  7- 9 | 10-12 | 13-15 || total
---------------------------+-------+-------+-------+-------+-------++-------
  Melee: Unarmed           |       |     4 |     1 |       |       ||     5
         Rapier            |       |       |    10 |    26 |     6 ||    42
   Cast: Shock             |    67 |    41 |    69 |    22 |       ||   199
         Static Discharge  |     3 |    19 |    17 |       |       ||    39
         Summon Small Mamm |       |     3 |     3 |     1 |       ||     7
         Airstrike         |       |     4 |    35 |   170 |    53 ||   262
         Poisonous Vapours |       |     3 |       |       |       ||     3
         Vampiric Draining |       |       |    20 |   199 |    50 ||   269
         Momentum Strike   |       |       |       |     1 |       ||     1
         Arcjolt           |       |       |       |       |    35 ||    35
 Invoke: Depart the Abyss  |       |       |       |     1 |       ||     1
         Curse Item        |       |       |       |       |     1 ||     1
    Use: Potion            |       |     1 |     6 |     1 |     2 ||    10
         Scroll            |       |     5 |     1 |    16 |     1 ||    23
   Stab: Distracted        |       |     1 |       |       |       ||     1
 Armour: Robe              |       |     2 |     9 |     9 |       ||    20
         Skin              |       |       |    17 |       |       ||    17
         Troll leather arm |       |       |       |    54 |    22 ||    76
  Dodge: Dodged            |     2 |    27 |    42 |   281 |   107 ||   459
  Block: Other             |       |       |    12 |    79 |    16 ||   107
         Reflection        |       |       |       |     2 |       ||     2

Levels and vault maps discovered:
D:1:      roderic_octagonal_star, layout_loops_ring,
          hellmonk_ecumenical_altar_inner_sanctum,
          nicolae_kite_square_tiling_tiny, patterned_corridor
D:2:      layout_rooms
D:3:      layout_loops_cross
D:4:      layout_basic, minmay_temple_entry_from_below_a, kennysheep_dice,
          uniq_eustachio
D:5:      black_bear_nest_1, layout_basic, nicolae_gozag_seed_capital,
          uniq_menkaure, uniq_sigmund, uniq_ijyb, uniq_pikel
D:6:      layout_basic, minitemple, minmay_chambers_of_fives, uniq_duvessa
D:7:      layout_gridville, cheibrodos_worm_habitat,
          mainiacjoe_overflow_concentric_impassable, uniq_crazy_yiuf_cottage
D:8:      layout_cave_pools, uniq_grum
D:9:      layout_rooms, kennysheep_mini, mainiacjoe_overflow_paths,
          ebering_ghost_rock_garden, uniq_erolcha
D:10:     layout_rooms, lemuel_mausoleum_altar_kikubaaqudgha, lemuel_tele_altar,
          enter_bailey_2, minmay_misc_feat_alley, kennysheep_generic_room_3
D:11:     gammafunk_indiana_jones, layout_long_grid, erik_lair_island,
          orc_0_dummy, serial_bayou, serial_bayou_pond_b, serial_bayou_pond_c,
          serial_bayou_pond_a, nicolae_ashenzari_skybound
D:12:     layout_roguey, gammafunk_ghost_arena, minmay_microvault
D:13:     layout_rooms, serial_ice, serial_ice_d, serial_ice_e, serial_ice_f,
          serial_ice_i, uniq_urug, uniq_snorg
Orc:1:    layout_diamond_mine, basic_altar, portal_ice_cave_entry_pillars_1,
          minmay_orc_temple_b
Abyss:3:  base: D:1, base: D:8, due_evilmike_abyss_rune_seething_liches,
          abyss_exit_lava, guppyfry_abyss_exit_imp_island,
          doesnt_abyss_rune_brain_food

Notes
Turn   | Place    | Note
-------+----------+-------------------------------------------
     0 | D:1      | ytrimaz the Djinni Air Elementalist began the quest for the
                  | Orb.
     0 | D:1      | ytrimaz set off with the following spells memorised: Shock,
                  | Static Discharge, Swiftness, Airstrike.
     0 | D:1      | Reached XP level 1. HP: 15/15 MP: 0/0
     0 | D:1      | magus.rc [v1.9.6]
   230 | D:1      | Reached XP level 2. HP: 18/21 MP: 0/0
   565 | D:1      | Found a faded altar of an unknown god.
   571 | D:1      | Reached skill level 3 in Dodging
   571 | D:1      | Reached XP level 3. HP: 20/25 MP: 0/0
   571 | D:1      | Learned a level 1 spell: Summon Small Mammal
  1144 | D:2      | Reached skill level 3 in Spellcasting
  1161 | D:2      | Reached XP level 4. HP: 23/31 MP: 0/0
  1855 | D:3      | HP: 3/31 [sleepcap (7)]
  1861 | D:3      | HP: 6/31 [sleepcap (7)]
  1864 | D:3      | Reached skill level 4 in Dodging
  1864 | D:3      | Reached XP level 5. HP: 9/35 MP: 0/0
  1864 | D:3      | Learned a level 2 spell: Poisonous Vapours
  2220 | D:3      | Identified the +7 rapier of Freehold {chaos, Drain rF++
                  | Int+5}
  2557 | D:3      | Identified a scroll of acquirement
  2559 | D:3      | Acquired the +2 pair of gloves of the Will of the Gods
                  | {Harm rCorr Int+3}
  2595 | D:4      | Reached XP level 6. HP: 13/40 MP: 0/0
  2596 | D:4      | Noticed a black bear
  2610 | D:4      | HP: 8/40 [/static electricity (1)]
  2611 | D:4      | HP: 2/40 [/static electricity (3)]
  2611 | D:4      | Killed a black bear
  2612 | D:4      | Reached skill level 5 in Dodging
  2612 | D:4      | Reached skill level 4 in Spellcasting
  2766 | D:4      | Noticed an ogre
  2781 | D:4      | HP: 9/40 [ogre/+0 giant club (22)]
  2782 | D:4      | Killed an ogre
  2783 | D:4      | Reached XP level 7. HP: 6/45 MP: 0/0
  2783 | D:4      | Learned a level 2 spell: Momentum Strike
  3198 | D:4      | Noticed Eustachio
  3205 | D:4      | Killed Eustachio
  3206 | D:4      | Reached skill level 6 in Dodging
  3733 | D:4      | Reached skill level 5 in Spellcasting
  3733 | D:4      | Reached XP level 8. HP: 28/50 MP: 0/0
  4099 | D:4      | Reached skill level 7 in Dodging
  4189 | D:5      | Entered Level 5 of the Dungeon
  4221 | D:5      | Noticed Menkaure
  4224 | D:5      | Killed Menkaure
  4758 | D:5      | Found an opulent altar of Gozag.
  4782 | D:5      | Noticed Ijyb
  4785 | D:5      | Killed Ijyb
  4786 | D:5      | Reached skill level 8 in Dodging
  4939 | D:5      | Noticed Pikel
  4946 | D:5      | HP: 15/75 [Pikel/+1 whip of flaming (6)]
  4963 | D:5      | Gained mutation: You do not regenerate when monsters are
                  | visible. [potion of mutation]
  4963 | D:5      | Lost mutation: You do not regenerate when monsters are
                  | visible. [potion of mutation]
  4974 | D:5      | Killed Pikel
  4975 | D:5      | Reached skill level 6 in Spellcasting
  4975 | D:5      | Reached XP level 9. HP: 32/55 MP: 0/0
  4975 | D:5      | Learned a level 3 spell: Vampiric Draining
  5158 | D:5      | Reached skill level 9 in Dodging
  5562 | D:5      | Noticed Sigmund
  5570 | D:5      | Killed Sigmund
  5683 | D:5      | Reached skill level 7 in Spellcasting
  6144 | D:6      | Noticed a two-headed ogre
  6155 | D:6      | Killed a two-headed ogre
  6156 | D:6      | Reached skill level 10 in Dodging
  6156 | D:6      | Reached XP level 10. HP: 32/60 MP: 0/0
  6502 | D:6      | Found an iron altar of Okawaru.
  6503 | D:6      | Found a blossoming altar of Fedhas.
  6506 | D:6      | Found a stormy altar of Qazlal.
  6561 | D:6      | Reached skill level 11 in Dodging
  6561 | D:6      | Reached skill level 8 in Spellcasting
  6686 | D:6      | Noticed Dowan
  6688 | D:6      | Noticed Duvessa
  6699 | D:6      | Killed Duvessa
  6708 | D:6      | Killed Dowan
  7535 | D:7      | Found a bloodstained altar of Trog.
  7575 | D:7      | Found a snail-covered altar of Cheibriados.
  7942 | D:7      | Found a runed translucent door.
  7943 | D:7      | Noticed Crazy Yiuf
  8021 | D:7      | Reached skill level 1 in Fighting
  8195 | D:7      | Killed Crazy Yiuf
  8484 | D:8      | Noticed a two-headed ogre
  8486 | D:8      | Killed a two-headed ogre
  8487 | D:8      | Reached skill level 2 in Fighting
  8646 | D:8      | Noticed Grum
  8657 | D:8      | Killed Grum
  8658 | D:8      | Reached skill level 12 in Dodging
  8658 | D:8      | Reached XP level 11. HP: 56/70 MP: 0/0
  8658 | D:8      | Learned a level 4 spell: Iskenderun's Mystic Blast
  8679 | D:8      | Reached skill level 3 in Fighting
  9005 | D:9      | Found a sparkling altar of Nemelex Xobeh.
  9010 | D:9      | Noticed Erolcha
  9026 | D:9      | You are cast into the Abyss!
  9026 | Abyss:2  | Cast into level 2 of the Abyss (Erolcha)
  9048 | Abyss:2  | Found an iron altar of Okawaru.
  9054 | Abyss:2  | Found a corrupted altar of Lugonu.
  9063 | Abyss:2  | Became a worshipper of Lugonu the Unformed
  9063 | Abyss:2  | Reached * piety under Lugonu
  9063 | Abyss:2  | Reached ** piety under Lugonu
  9066 | D:9      | You pass through the gate.
  9066 | D:9      | Escaped the Abyss
  9153 | D:9      | Reached skill level 9 in Spellcasting
  9156 | D:9      | Reached skill level 4 in Fighting
  9218 | D:9      | Killed Erolcha
  9222 | D:9      | Found a runed translucent gate.
  9222 | D:9      | Found a runed translucent gate.
  9249 | D:9      | Found a runed translucent gate.
  9253 | D:9      | Noticed TheSexyCheese's ghost (journeyman DsFE)
  9423 | D:9      | Found a glowing golden altar of the Shining One.
  9551 | D:10     | Entered Level 10 of the Dungeon
  9634 | D:10     | Reached skill level 5 in Fighting
  9682 | D:10     | Found a white marble altar of Elyvilon.
  9699 | D:10     | Found a flagged portal.
  9706 | D:10     | Identified the +3 hand axe of the Enchanting Hawk {flame,
                  | Will+}
  9709 | Bailey   | Entered a bailey
  9714 | Bailey   | Noticed an orc warlord
  9767 | Bailey   | Found a runed translucent gate.
  9767 | Bailey   | Found a runed translucent gate.
  9767 | Bailey   | Found a runed translucent gate.
  9949 | Bailey   | HP: 1/76 [orc warlord/+6 battleaxe (30)]
  9957 | Bailey   | Killed an orc warlord
  9958 | Bailey   | Reached skill level 13 in Dodging
 10029 | Bailey   | Identified the +9 trident of the Forest {freeze, rElec rF+
                  | rC- Will+}
 10192 | D:10     | Reached *** piety under Lugonu
 10228 | D:10     | Reached skill level 6 in Fighting
 10282 | D:10     | Reached XP level 12. HP: 43/83 MP: 0/0
 10660 | D:10     | Noticed a two-headed ogre
 10666 | D:10     | Killed a two-headed ogre
 10804 | D:10     | Acquired 1388 gold pieces
 10845 | D:11     | Reached skill level 10 in Spellcasting
 10902 | D:11     | Reached skill level 7 in Fighting
 11048 | D:11     | Found a staircase to the Orcish Mines.
 11072 | D:11     | Reached skill level 14 in Dodging
 11177 | D:11     | Found a runed translucent door.
 11177 | D:11     | Found the +3 hat of Pondering {ponderous, Will+ MP+10
                  | Int+5}
 11208 | D:11     | Found a staircase to the Lair.
 11351 | D:11     | Noticed a two-headed ogre
 11356 | D:11     | Killed a two-headed ogre
 11356 | D:11     | Reached **** piety under Lugonu
 11528 | D:11     | Found a broken altar of Ashenzari.
 11540 | D:11     | Reached skill level 8 in Fighting
 11734 | D:11     | Found the +8 whip "Snakebite" {venom, curare, rPois}
 11770 | D:11     | Found a runed translucent gate.
 11770 | D:11     | Found a runed translucent gate.
 11770 | D:11     | Found a runed translucent gate.
 11770 | D:11     | Found a runed translucent gate.
 11770 | D:11     | Found a runed translucent gate.
 11770 | D:11     | Found a runed translucent gate.
 11770 | D:11     | Noticed a boulder beetle
 11774 | D:11     | Noticed a boulder beetle
 11799 | D:11     | Killed a boulder beetle
 11808 | D:11     | Killed a boulder beetle
 11817 | D:11     | Reached XP level 13. HP: 79/93 MP: 0/0
 11817 | D:11     | Learned a level 5 spell: Arcjolt
 11884 | D:11     | Fell from the grace of Lugonu
 11884 | D:11     | Became a worshipper of Ashenzari the Shackled
 12108 | D:12     | Noticed a centaur warrior
 12115 | D:12     | Killed a centaur warrior
 12153 | D:12     | Reached skill level 9 in Fighting
 12194 | D:12     | Found a transporter.
 12196 | D:12     | Noticed a yaktaur captain
 12197 | D:12     | Found a transporter.
 12197 | D:12     | Noticed Sleet's ghost (journeyman MiBe)
 12201 | D:12     | Noticed a centaur warrior
 12203 | D:12     | Noticed a sphinx
 12218 | D:12     | Identified the ring "Umuh" {Ice rElec rCorr Str-5 Dex-3}
 12346 | D:12     | Reached skill level 11 in Spellcasting
 12348 | D:12     | Reached skill level 15 in Dodging
 12743 | Orc:1    | Entered Level 1 of the Orcish Mines
 12743 | Orc:1    | Found a frozen archway.
 12776 | Orc:1    | Noticed a tentacled starspawn
 12780 | Orc:1    | HP: 21/94 [constriction[the touch of Lugonu] (3)]
 12811 | Orc:1    | Noticed a starcursed mass
 12811 | Orc:1    | You are cast into the Abyss!
 12811 | Abyss:3  | Cast into level 3 of the Abyss (Lugonu's touch)
 12866 | Abyss:3  | Noticed a starcursed mass
 12875 | Abyss:3  | Noticed a green very ugly thing
 12883 | Abyss:3  | Killed a green very ugly thing
 12945 | Abyss:3  | Noticed a starcursed mass
 12946 | Abyss:3  | Noticed a cyan very ugly thing
 12946 | Abyss:3  | Noticed a green very ugly thing
 12946 | Abyss:3  | Noticed a starcursed mass
 13136 | Abyss:3  | Noticed a hellephant
 13140 | Abyss:3  | Noticed a tentacled starspawn
 13144 | Abyss:3  | Reached skill level 10 in Fighting
 13145 | Abyss:3  | Annihilated by a hellephant

Vanquished Creatures
  A very ugly thing (Abyss:3)
  Erolcha (D:9)
  A centaur warrior (D:12)
  4 two-headed ogres
  2 boulder beetles (D:11)
  3 thrashing horrors
  A wretched star (Abyss:3)
  A lindwurm (D:11)
  Pikel (D:5)
  2 deep elf pyromancers
  2 starcursed masses (Abyss:3)
  An orc sorcerer (Orc:1)
  2 cyclopes (D:11)
  3 ugly things
  A worldbinder (Abyss:3)
  A manticore (D:12)
  4 centaur zombies (D:10)
  A demonic crawler (Abyss:3)
  An unseen horror zombie (D:10)
  A komodo dragon (D:11)
  A hornet (D:9)
  5 trolls
  Sigmund (D:5)
  A jumping spider (D:11)
  3 slime creatures (D:12)
  3 shadows
  Eustachio (D:4)
  A large abomination (Abyss:3)
  3 wraiths
  A ynoxinul (Abyss:3)
  11 yaks
  A vampire (D:12)
  2 redbacks (D:11)
  A steam dragon (D:9)
  10 vampire mosquitoes
  Grum (D:8)
  Menkaure (D:5)
  A water moccasin (D:7)
  Duvessa (D:6)
  2 ice beasts
  2 sky beasts
  3 black bears
  8 orc warriors
  6 wolves
  3 centaurs
  5 ogres
  3 phantoms
  3 lemures (D:5)
  2 bullfrogs
  2 kobold brigands (D:8)
  A necrophage (D:10)
  3 scorpions (D:4)
  7 small abominations
  7 wights
  Dowan (D:6)
  17 killer bees
  A howler monkey (D:8)
  4 electric eels (D:11)
  2 lava snakes (D:11)
  A human zombie (D:10)
  6 orc priests
  3 hounds (D:11)
  Crazy Yiuf (D:7)
  4 jellies
  5 sleepcaps
  4 iguanas
  Ijyb (D:5)
  10 orc wizards
  3 mummies (D:10)
  10 gnolls
  9 adders
  3 shadow imps (D:7)
  A white imp (D:7)
  An ufetubus (D:7)
  5 worms
  23 orcs
  7 endoplasms
  2 giant cockroaches (D:1)
  11 goblins
  14 hobgoblins
  4 jackals (D:2)
  21 kobolds
  A quokka (D:4)
  3 ball pythons
  3 bats
  3 frilled lizards (D:1)
  6 rats
330 creatures vanquished.

Vanquished Creatures (collateral kills)
  An orc warlord (Bailey)
  A ball python (D:2)
2 creatures vanquished.

Vanquished Creatures (others)
  9 plants (D:11)
  6 starspawn tentacles (Orc:1)
15 creatures vanquished.

Grand Total: 347 creatures vanquished

Table legend:
 A = Non-vault XP
 B = Vault XP
 C = Vault XP percentage of total XP
 D = Non-vault monster count
 E = Vault monster count
 F = Vault count percentage of total count
                 A         B        C        D         E       F
            +---------+---------+-------+---------+---------+-------
      Total |   25722 |   14205 |  35.6 |     249 |      74 |  22.9
            +---------+---------+-------+---------+---------+-------
        D:1 |      45 |       0 |   0.0 |      27 |       0 |   0.0
        D:2 |      78 |       0 |   0.0 |      21 |       0 |   0.0
        D:3 |      53 |       0 |   0.0 |       8 |       0 |   0.0
        D:4 |     664 |     404 |  37.8 |      14 |       4 |  22.2
        D:5 |     612 |    1216 |  66.5 |      20 |       5 |  20.0
        D:6 |     994 |    1302 |  56.7 |      25 |       7 |  21.9
        D:7 |     862 |      46 |   5.1 |      12 |       2 |  14.3
        D:8 |    1429 |     420 |  22.7 |      22 |       3 |  12.0
        D:9 |    1573 |     878 |  35.8 |      17 |       1 |   5.6
       D:10 |    3267 |    2261 |  40.9 |      16 |      14 |  46.7
       D:11 |    4258 |    5237 |  55.2 |      24 |      18 |  42.9
       D:12 |    5471 |     845 |  13.4 |      22 |       1 |   4.3
       D:13 |     565 |       0 |   0.0 |       1 |       0 |   0.0
      Orc:1 |     958 |       0 |   0.0 |       8 |       0 |   0.0
    Abyss:3 |    4893 |       0 |   0.0 |      12 |       0 |   0.0
     Bailey |       0 |    1596 | 100.0 |       0 |      19 | 100.0
            +---------+---------+-------+---------+---------+-------

Skill      XL: |  1  2  3  4  5  6  7  8  9 10 11 12 13 |
---------------+----------------------------------------+-----
Dodging        | 3 4 5 6 8 10 12 13 14 15 | 15.5
Spellcasting   | 3 4 5 6 7 8 9 10 11 | 11.3
Fighting       | 2 6 8 10 | 10.0
Stealth        | |  1.5

Action                     |  1- 3 |  4- 6 |  7- 9 | 10-12 | 13-15 || total
---------------------------+-------+-------+-------+-------+-------++-------
  Melee: Unarmed           |       |     4 |     1 |       |       ||     5
         Rapier            |       |       |    10 |    26 |     6 ||    42
   Cast: Shock             |    67 |    41 |    69 |    22 |       ||   199
         Static Discharge  |     3 |    19 |    17 |       |       ||    39
         Summon Small Mamm |       |     3 |     3 |     1 |       ||     7
         Airstrike         |       |     4 |    35 |   170 |    53 ||   262
         Poisonous Vapours |       |     3 |       |       |       ||     3
         Vampiric Draining |       |       |    20 |   199 |    50 ||   269
         Momentum Strike   |       |       |       |     1 |       ||     1
         Arcjolt           |       |       |       |       |    35 ||    35
 Invoke: Depart the Abyss  |       |       |       |     1 |       ||     1
         Curse Item        |       |       |       |       |     1 ||     1
    Use: Potion            |       |     1 |     6 |     1 |     2 ||    10
         Scroll            |       |     5 |     1 |    16 |     1 ||    23
   Stab: Distracted        |       |     1 |       |       |       ||     1
 Armour: Robe              |       |     2 |     9 |     9 |       ||    20
         Skin              |       |       |    17 |       |       ||    17
         Troll leather arm |       |       |       |    54 |    22 ||    76
  Dodge: Dodged            |     2 |    27 |    42 |   281 |   107 ||   459
  Block: Other             |       |       |    12 |    79 |    16 ||   107
         Reflection        |       |       |       |     2 |       ||     2

Illustrated notes

Table legend:
 A = Kills in this place as a percentage of kills in the entire game.
 B = Kills by you in this place as a percentage of kills by you in the entire game.
 C = Kills by friends in this place as a percentage of kills by friends in the entire game.
 D = Other kills in this place as a percentage of other kills in the entire game.
 E = Experience gained in this place as a percentage of experience gained in the entire game.
 F = Experience gained in this place divided by the number of levels of this place that you have seen.
                   A       B       C       D       E      F
               +-------+-------+-------+-------+-------+----------------------
         Total | 100.0 | 100.0 | 100.0 |   N/A | 100.0 | 2348.6
       Dungeon |  87.9 |  88.2 |  50.0 |   N/A |  81.3 | 2498.5
  Orcish Mines |   2.5 |   2.5 |   0.0 |   N/A |   2.4 | 958.0
         Abyss |   3.7 |   3.7 |   0.0 |   N/A |  12.3 | 2446.5
        Bailey |   5.9 |   5.6 |  50.0 |   N/A |   4.0 | 1596.0
               +-------+-------+-------+-------+-------+----------------------

Table legend: (Time is in decaauts)
 A = Elapsed time spent in this place.
 B = Non-inter-level travel time spent in this place.
 C = Inter-level travel time spent in this place.
 D = Time resting spent in this place.
 E = Time spent auto-exploring this place.
 F = Levels seen in this place.
 G = Mean time per level.
                   A        B        C        D        E       F      G
               +--------+--------+--------+--------+--------+-----+--------+
         Total |  13167 |  12572 |    595 |    533 |  10143 |  17 |  774.5 |
       Dungeon |  12381 |  11786 |    595 |    350 |   9818 |  13 |  952.4 |
  Orcish Mines |     68 |     68 |      0 |      0 |     12 |   1 |   68.0 |
         Abyss |    373 |    373 |      0 |    183 |     77 |   2 |  186.5 |
        Bailey |    345 |    345 |      0 |      0 |    236 |   1 |  345.0 |
               +--------+--------+--------+--------+--------+-----+--------+

Top non-repeatable levels by time:
     D:5: 1767 daAuts
     D:4: 1756 daAuts
    D:11: 1114 daAuts
     D:6: 1098 daAuts
     D:7: 1042 daAuts
     D:1: 1038 daAuts
    D:10: 945 daAuts
     D:2: 806 daAuts
    D:12: 800 daAuts
     D:3: 761 daAuts
     D:8: 735 daAuts
     D:9: 507 daAuts
  Bailey: 345 daAuts
 Abyss:3: 333 daAuts
   Orc:1: 68 daAuts
